 Dungeon Crawl Stone Soup version 0.18-a0-640-g2c992fa (webtiles) character file.

788 M4edhros the Sneak (level 7, 0/45 HPs)
             Began as an Octopode Artificer on Dec 4, 2015.
             Was an Initiate of Fedhas.
             Slain by a small abomination (23 damage)
             ... summoned by the capriciousness of Xom
             ... on level 5 of the Dungeon.
             The game lasted 00:08:52 (5309 turns).

M4edhros the Sneak (Octopode Artificer)             Turns: 5309, Time: 00:08:53

Health: 0/45       AC:  6    Str: 11    XL:     7   Next: 87%
Magic:  10/10      EV: 13    Int: 16    God:    Fedhas [......]
Gold:   241        SH:  0    Dex: 12    Spells: 0 memorised, 6 levels left

rFire  . . .     SeeInvis .     t - +1 mace (protect)
rCold  . . .     Clarity  .     (no shield)
rNeg   . . .     SustAt   +     (helmet restricted)
rPois  .         Gourm    .     (no amulet)
rElec  .         Spirit   .     p - ring of sustain attributes
rCorr  .         Dismiss  .     (no ring)
rMut   .         Stasis   .     o - ring of wizardry
MR     .....                    (no ring)
Stlth  +++++.....               (no ring)
                                (no ring)
                                (no ring)
                                (no ring)

@: about to teleport, not resistant to hostile enchantments, quite stealthy
A: almost no armour, amphibious, 8 rings, constrict 8, camouflage 1, gelatinous
body 1
a: Renounce Religion


You were on level 5 of the Dungeon.
You worshipped Fedhas.
Fedhas was noncommittal.
You were not hungry.

You visited 2 branches of the dungeon, and saw 6 of its levels.

You collected 241 gold pieces.

Inventory:

Hand Weapons
 a - a +0 short sword
 t - a +1 mace of protection (weapon)
Missiles
 h - 14 sling bullets of flame
 j - 118 stones (quivered)
 w - 42 sling bullets
Magical Staves
 y - an uncursed staff of poison
Jewellery
 o - a ring of wizardry (on tentacle)
 p - a ring of sustain attributes (left tentacle)
Wands
 c - a wand of enslavement (13)
Scrolls
 b - a scroll of recharging {unknown}
 d - a scroll of immolation {unknown}
 e - a scroll of enchant weapon {unknown}
 g - 8 scrolls of identify
 l - 2 scrolls of remove curse
 m - 2 scrolls of magic mapping
 q - a scroll of teleportation
 r - a scroll of noise {unknown}
 s - a scroll of blinking {unknown}
 x - 2 scrolls of fear {unknown}
Potions
 f - a potion of heal wounds
 u - a potion of might {unknown}
 B - 2 potions of haste {unknown}
Books
 k - a book of Party Tricks

   Spells                             Type                      Level
   a - Summon Butterflies             Summoning                    1
   b - Apportation                    Translocation                1
   c - Tukima's Dance                 Hexes                        3
   d - Alistair's Intoxication        Transmutation/Poison         4
   e - Invisibility                   Hexes                        6
 v - a Grand Grimoire

   Spells                             Type                      Level
   a - Monstrous Menagerie            Summoning                    6
   b - Summon Greater Demon           Summoning                    7
   c - Malign Gateway                 Summoning/Translocation      7
   d - Summon Horrible Things         Summoning                    8
Comestibles
 n - 2 fruits
 A - 2 bread rations


   Skills:
 + Level 2.8 Fighting
 + Level 2.1 Short Blades
 + Level 2.5 Maces & Flails
 + Level 4.4 Dodging
 + Level 6.5 Stealth
 + Level 5.3 Evocations


You had 6 spell levels left.
You didn't know any spells.

Dungeon Overview and Level Annotations

Branches:
Dungeon (5/15)             Temple (1/1) D:5

Altars:
Ashenzari
Cheibriados
Dithmenos
Elyvilon
Fedhas
Gozag
Kikubaaqudgha
Makhleb
Nemelex Xobeh
Okawaru
Pakellas
Qazlal
Ru
Sif Muna
Trog
Vehumet
Xom
Yredelemnul
Zin
The Shining One


Innate Abilities, Weirdness & Mutations

You cannot wear most types of armour.
You are amphibious.
You can wear up to eight rings at the same time.
You can use your tentacles to constrict eight enemies at once.
Your skin changes colour to match your surroundings (Stealth).
Your rubbery body absorbs attacks (AC +1).


Message History

A chorus of moans calls out to you!
Found a meat ration.
The small abomination misses you. The small abomination hits you!
You feel sick.
You feel sick.
Read which item? (? for menu, Esc to quit)
As you read the scroll labeled TIMUDO LYFIUMEIDA, it crumbles to dust.
The scroll dissolves into smoke.
It was a scroll of fog.
The small abomination barely misses you.
Read which item? (? for menu, Esc to quit)
As you read the scroll labeled IVUCESTRUUFA, it crumbles to dust.
You feel strangely unstable.
It was a scroll of teleportation.
The small abomination hits you but does no damage.
You feel sick.
You are no longer poisoned.
The small abomination hits you!!
Ouch! That really hurt!
You die...
Fedhas appreciates your contribution to the ecosystem.

# #.....# #..... #.#.....+
#..... # ........# ###
#...##. #.......# #.. +.....
.........######.###%..#
.#.#..........#.......#
...#......###.#.....##
...#.#......#..§§§...#
...#.##.#.#.####@###.# ....
#.#.#.# #§x§x.#
...####.#.#.# #############
..........#.#######........#
..#.###.###.......#......?.#
###.# #.#########.#........#
..# #....#......#$.......#
##########.#.######'###<...#
.....#####.#.# #.....#....#


You could see a small abomination.

Vanquished Creatures
  Sigmund (D:2)
  An ogre (D:4)
  4 orc priests (D:4)
  A giant frog skeleton (D:5)
  4 worker ants
  2 orc wizards (D:4)
  4 gnolls
  11 adders
  2 oozes (D:3)
  2 worms
  3 giant geckos
  14 orcs
  3 ball pythons
  8 bats
  3 giant cockroaches
  14 hobgoblins
  2 quokkas
  5 giant newts
  8 goblins
  4 jackals (D:1)
  6 kobolds
  5 rats
107 creatures vanquished.

Vanquished Creatures (others)
  12 toadstools
12 creatures vanquished.

Grand Total: 119 creatures vanquished

Notes
Turn   | Place    | Note
--------------------------------------------------------------
     0 | D:1      | M4edhros the Octopode Artificer began the quest for the Orb.
     0 | D:1      | Reached XP level 1. HP: 13/13 MP: 3/3
   382 | D:1      | Reached XP level 2. HP: 9/18 MP: 4/4
   679 | D:1      | Reached skill level 4 in Evocations
   889 | D:2      | Reached XP level 3. HP: 16/23 MP: 6/6
  1575 | D:3      | Found a shattered altar of Ashenzari.
  1857 | D:3      | Reached XP level 4. HP: 23/28 MP: 7/7
  2252 | D:3      | Found a glowing silver altar of Zin.
  2261 | D:3      | Found a burning altar of Makhleb.
  2346 | D:3      | Noticed a blizzard demon
  2347 | D:3      | Noticed an angel
  2733 | D:3      | Reached XP level 5. HP: 29/33 MP: 8/8
  2885 | D:4      | Noticed an ogre
  2898 | D:4      | Killed an ogre
  2898 | D:4      | Reached XP level 6. HP: 24/39 MP: 9/9
  3028 | D:4      | Reached skill level 1 in Maces & Flails
  3067 | D:4      | Reached skill level 5 in Evocations
  3293 | D:4      | Reached skill level 5 in Stealth
  3298 | D:4      | Reached XP level 7. HP: 41/45 MP: 10/10
  3421 | D:5      | Entered Level 5 of the Dungeon
  3717 | D:5      | Found a staircase to the Ecumenical Temple.
  3723 | Temple   | Entered the Ecumenical Temple
  3740 | Temple   | Became a worshipper of Xom of Chaos
  3747 | Temple   | Fell from the grace of Xom
  3747 | Temple   | Became a worshipper of Fedhas Madash
  3946 | D:2      | Noticed Sigmund
  4226 | D:1      | XOM: mild Air miscast
  4756 | D:2      | Killed Sigmund
  4756 | D:2      | Reached skill level 6 in Stealth
  4812 | D:3      | Found an iron altar of Okawaru.
  5297 | D:5      | XOM: medium Summ miscast
  5298 | D:5      | Noticed a small abomination
  5309 | D:5      | Slain by a small abomination

Vault maps used:
D:1:      lemuel_arrival_river_ford, minmay_misc_feat_roman
D:2:      first_bread, uniq_sigmund
D:3:      ashenzari_conservatory_becter, lemuel_crystal_altar,
          grunt_temple_overflow_order_and_chaos_2
D:5:      temple_green, grunt_pakellas_basics
Temple:   lightli_temple_of_artemis

Action                   |  1- 3 |  4- 6 |  7- 9 || total
-------------------------+-------+-------+-------++-------
Melee: Short sword       |    55 |    23 |       ||    78
       Mace              |       |    60 |   102 ||   162
Evoke: Wand              |    12 |    18 |     2 ||    32
  Use: Potion            |       |     4 |       ||     4
       Scroll            |       |       |     6 ||     6
 Stab: Sleeping          |     6 |     6 |    11 ||    23
  Eat: Pizza             |     1 |       |       ||     1
       Bread ration      |       |     1 |       ||     1
       Fruit             |       |     1 |       ||     1
       Chunk             |       |       |     2 ||     2
       Meat ration       |       |       |     1 ||     1
